 Dungeon Crawl Stone Soup version 0.27.1-1-g398f81649c (webtiles) character file.

Game seed: 10230700955143548487

196 shoulao the Cudgeller (level 5, -17/47 HPs)
             Began as a Minotaur Berserker on Sept 16, 2021.
             Was a Believer of Trog.
             Killed from afar by Ijyb (19 damage)
             ... with a bolt of acid
             ... on level 3 of the Dungeon.
             The game lasted 00:02:01 (1798 turns).

shoulao the Cudgeller (Minotaur Berserker)          Turns: 1798, Time: 00:02:01

Health: -17/47     AC: -1    Str: 23    XL:     5   Next: 45%
Magic:  4/4        EV: 12    Int:  4    God:    Trog [**....]
Gold:   53         SH:  0    Dex:  9    Spells: 4/4 levels left

rFire    . . .     SeeInvis .   a - +0 mace
rCold    . . .     Faith    .   (no shield)
rNeg     . . .     Spirit   .   b - +0 animal skin
rPois    .         Reflect  .   (helmet restricted)
rElec    .         Harm     .   (no cloak)
rCorr    .         Rampage  .   (no gloves)
Will     .....                  (no boots)
Stlth    +.........             (no amulet)
HPRegen  0.15/turn              (no ring)
MPRegen  0.09/turn              (no ring)

@: corroded, on berserk cooldown, slowed, very slow
A: horns 2, retaliatory headbutt
a: Renounce Religion, Berserk, Trog's Hand


You were on level 3 of the Dungeon.
You worshipped Trog.
Trog was pleased with you.
You visited 1 branch of the dungeon, and saw 3 of its levels.

You collected 119 gold pieces.
You spent 66 gold pieces at shops.

Inventory:

Hand Weapons
 a - a +0 mace (weapon)
Missiles
 i - 2 throwing nets (quivered)
Armour
 b - a +0 animal skin (worn)
Wands
 j - a wand of digging (4)
Scrolls
 c - 3 scrolls of identify {unknown}
 h - a scroll of acquirement {unknown}
 m - a scroll of blinking {unknown}
 n - a scroll of brand weapon {unknown}
Potions
 d - 3 potions of flight {unknown}
 e - 4 potions of curing
 f - a potion of degeneration {unknown}
 g - 2 potions of heal wounds {unknown}
 k - a potion of brilliance {unknown}
 l - a potion of ambrosia {unknown}


   Skills:
 + Level 4.9 Fighting
 + Level 6.0 Maces & Flails
 + Level 2.8 Armour
 + Level 3.1 Dodging
 + Level 0.3 Stealth


You had 4 spell levels left.
You didn't know any spells.
Your spell library was empty.

Dungeon Overview and Level Annotations

Branches:
Dungeon (3/15)

Altars:
Sif Muna

Shops:
D:3 ?:[!

Annotations:
D:3 Ijyb


Innate Abilities, Weirdness & Mutations

You have a pair of horns on your head.
You reflexively headbutt those who attack you in melee.


Message History

The bat hits you. The bat closely misses you. You furiously retaliate!
You headbutt the bat. Natasha misses you.
There are monsters nearby!
You barely miss the bat. You headbutt the bat, but do no damage.
The bat is heavily wounded.
The bat barely misses you. x2; You furiously retaliate!
You headbutt the bat!
You kill the bat!
Trog accepts your kill.
Natasha stares at you and mumbles some strange words.
You resist with some effort.
Unknown command.
A red film seems to cover your vision as you go berserk!
You feel yourself moving faster!
You feel mighty! Natasha casts a spell at you. The magic dart hits you!
You closely miss Natasha.
Natasha is moderately wounded.
Natasha completely misses you.
You sock Natasha!
You kill Natasha!
Trog accepts your kill.
Trog appreciates your killing of a magic user.
You feel Natasha's spirit has finally been put to rest.
Your Maces & Flails skill increases to level 6!
d - 3 lumpy ruby potions (gained 2) Ijyb the Twisted Goblin comes into view.
She is wielding a +0 dagger and carrying a wand of acid (6).
You feel a strong urge to attack something.
Ijyb shouts!
You hear a shout!
A hobgoblin comes into view.
You enter the shallow water.
Moving in this stuff is going to be slow.
You are no longer berserk.
You are exhausted.
You feel yourself slow down.
Ijyb zaps a wand.
The bolt of acid hits you!
* * * LOW HITPOINT WARNING * * *
The acid corrodes you!
You are splashed with acid!
* * * LOW HITPOINT WARNING * * *
Ijyb zaps a wand.
The bolt of acid hits you!!
You die...

## ### ##. g.. # ##..
##.##.# ##...#.≈.≈.#.
### ##...#..≈.≈..# ..##
#...#≈@≈≈g≈≈≈≈ ...### ##
#..≈.≈≈≈.≈. .....###...
#...≈≈_≈≈..
...........#.#...≈≈.≈≈..
....≈≈≈≈≈....#...≈.≈.≈..
.^..≈○≈≈≈....#..≈.≈.≈.≈.
....≈○§≈≈.# #.#≈)≈...≈.≈
....≈≈§≈§.####.?≈.....≈.
...○≈≈.≈○.......#.....#


You could see Ijyb and a hobgoblin.

Vanquished Creatures
  A centaur (D:3)
  Natasha (thrice) (D:3)
  2 worms
  6 ball pythons
  6 endoplasms
  2 giant cockroaches
  3 goblins
  3 hobgoblins
  2 jackals (D:1)
  5 kobolds
  A quokka (D:1)
  2 bats
  4 frilled lizards
  3 rats
43 creatures vanquished.

Vanquished Creatures (others)
  3 plants (D:3)
3 creatures vanquished.

Grand Total: 46 creatures vanquished

Notes
Turn   | Place    | Note
-------+----------+-------------------------------------------
     0 | D:1      | shoulao the Minotaur Berserker began the quest for the Orb.
     0 | D:1      | Reached XP level 1. HP: 19/19 MP: 0/0
   223 | D:1      | Reached skill level 4 in Maces & Flails
   223 | D:1      | Reached XP level 2. HP: 25/27 MP: 1/1
   669 | D:2      | Reached XP level 3. HP: 22/34 MP: 2/2
  1018 | D:2      | Reached ** piety under Trog
  1200 | D:2      | You fall into a shaft and drop 1 floor!
  1200 | D:3      | Found a shimmering blue altar of Sif Muna.
  1203 | D:3      | Found Ephump's Magic Scroll Shoppe.
  1203 | D:3      | Noticed Natasha
  1209 | D:3      | Killed Natasha
  1301 | D:3      | Noticed a centaur
  1307 | D:3      | Killed a centaur
  1308 | D:3      | Reached skill level 5 in Maces & Flails
  1308 | D:3      | Reached XP level 4. HP: 22/41 MP: 3/3
  1308 | D:3      | Reached XP level 5. HP: 25/47 MP: 4/4
  1467 | D:3      | Noticed Natasha
  1469 | D:3      | Found Wivvoun's Distillery.
  1472 | D:3      | Killed Natasha
  1517 | D:3      | Found Inwacol's Book Emporium.
  1543 | D:3      | Bought a potion of curing for 33 gold pieces
  1543 | D:3      | Bought a potion of curing for 33 gold pieces
  1553 | D:3      | Found Maer Sod's Antique Armour Boutique.
  1774 | D:3      | Found a faded altar of an unknown god.
  1778 | D:3      | Noticed Natasha
  1793 | D:3      | Killed Natasha
  1794 | D:3      | Reached skill level 6 in Maces & Flails
  1796 | D:3      | Noticed Ijyb
  1798 | D:3      | HP: 2/47 [acid (12)]
  1798 | D:3      | Killed from afar by Ijyb

Illustrated notes

Levels and vault maps discovered:
D:1:      dpeg_arrival_tiny_c, layout_rooms
D:2:      layout_loops_ring, minmay_pentomino_w4
D:3:      layout_rooms, nicolae_sif_muna_condensation,
          nicolae_yredelemnul_ghost_church, serial_shops, shop, shop,
          nicolae_shop_overgrown_old_shop, nicolae_lakefront_shop,
          nicolae_shop_temple_entry_statues_fountains,
          shapermc_ecumenical_altar_starsandcircs, minivault_5, uniq_ijyb,
          uniq_crazy_yiuf_cottage, uniq_natasha

Skill      XL: |  1  2  3  4  5 |
---------------+----------------+-----
Maces & Flails | 4 5 6 |  6.0
Fighting       | 4 |  4.9
Dodging        | 3 |  3.1
Armour         | |  2.8
Stealth        | |  0.3

Action                   |  1- 3 |  4- 6 || total
-------------------------+-------+-------++-------
Melee: Mace              |    64 |    24 ||    88
       Headbutt          |    16 |     6 ||    22
Invok: Berserk           |     1 |     1 ||     2
 Stab: Sleeping          |     1 |       ||     1
Armor: Animal skin       |    10 |     7 ||    17
Dodge: Dodged            |    35 |    26 ||    61
